 Dungeon Crawl Stone Soup version 0.31-a0-96-g196d5507e3 (webtiles) character file.

Game seed: 7398740390348928660

107 Kenran the Slasher (level 4, -3/34 HPs)
             Began as a Vampire Fighter on May 26, 2023.
             Was an Initiate of Gozag.
             Slain by an iguana (6 damage)
             ... on level 4 of the Dungeon.
             The game lasted 00:03:18 (2525 turns).

Kenran the Slasher (Vampire Fighter)                Turns: 2525, Time: 00:03:18

Health: -3/34      AC:  7    Str: 15    XL:     4   Next: 57%
Magic:  4/4        EV:  8    Int: 10    God:    Gozag
Gold:   159        SH:  5    Dex: 15    Spells: 3/3 levels left

rFire   . . .        a - +0 long sword
rCold   + . .        c - +0 buckler
rNeg    . . .        b - +0 scale mail
rPois   .            (no helmet)
rElec   .            (no cloak)
rCorr   .            (no gloves)
SInv    +            j - +0 pair of boots
Will    .....        (no amulet) Stlth
                     r - ring of protection from cold
HPRegen 0.45/turn    (no ring)
MPRegen 0.09/turn

%: no passive effects
@: healing quickly
A: alive, fangs 3, see invisible, vampiric 2
a: Exsanguinate, Renounce Religion, Potion Petition, Call Merchant, Bribe Branch


You were on level 4 of the Dungeon.
You worshipped Gozag.
Gozag was aware of your devotion.
You visited 1 branch of the dungeon, and saw 4 of its levels.

You collected 198 gold pieces.
You paid 39 gold pieces to Gozag.

Inventory:

Hand Weapons
 a - a +0 long sword (weapon)
Armour
 b - a +0 scale mail (worn)
 c - a +0 buckler (worn)
 j - a +0 pair of boots (worn)
Jewellery
 r - a ring of protection from cold (left hand)
Wands
 d - a wand of paralysis (6)
 p - a wand of mindburst (20)
 q - a wand of flame (14)
Scrolls
 e - 4 scrolls of identify {unknown}
 g - 2 scrolls of magic mapping {unknown}
 i - 2 scrolls of fog {unknown}
 l - a scroll of torment {unknown}
 n - a scroll of amnesia {unknown}
 o - a scroll of poison {unknown}
Potions
 f - a potion of heal wounds {unknown}
 h - a potion of attraction {unknown}
 k - a potion of lignification {unknown}
 m - 2 potions of degeneration {unknown}


   Skills:
 - Level 2.6 Fighting
 + Level 4.9 Long Blades
 - Level 2.4 Armour
 - Level 2.6 Shields


You had 3 spell levels left.
You didn't know any spells.
Your spell library contained the following spells:

 Spells                   Type           Power      Damage    Failure   Level
 Freeze                   Ice            0%         1d3       89%         1
 Slow                     Hex            0%         N/A       89%         1
 Blink                    Tloc           0%         N/A       96%         2
 Lesser Beckoning         Tloc           0%         N/A       96%         2
 Momentum Strike          Conj/Tloc      0%         3d8       96%         2
 Confusing Touch          Hex            0%         N/A       99%         3
 Frozen Ramparts          Ice            0%         1d1       99%         3
 Hailstorm                Conj/Ice       0%         3d3       99%         3
 Portal Projectile        Hex/Tloc       0%         N/A       99%         3
 Tukima's Dance           Hex            0%         N/A       99%         3
 Vampiric Draining        Necr           0%         2d6       99%         3
 Blade Hands              Tmut           0%         N/A       100%        5


Dungeon Overview and Level Annotations

Branches:
Dungeon (4/15)
 Temple: D:4-7

Altars:
Gozag

Annotations:
D:1 1 runed translucent door


Innate Abilities, Weirdness & Mutations

Your natural rate of healing is accelerated.
You have razor-sharp teeth.
You have supernaturally acute eyesight. (SInv)
You are afflicted with vampirism and can become a bat while bloodless.


Message History

Items here: $ )))) [[.
You strike the helpless orc from behind!
You hit the orc.
The orc is no longer distracted by gold.
The orc is heavily wounded.
The orc hits you with a +0 dagger.
You hit the orc.
You kill the orc!
Found a scroll labelled TOUH XABLA YSM.
Found a stone staircase leading down.
You now have 159 gold pieces (gained 3).
You see here a +0 dagger.
You start resting.
An iguana is nearby!
You slash the iguana!
The iguana is heavily wounded.
The iguana bites you!
You are too injured to fight recklessly!
You are too injured to fight recklessly!
You are too injured to fight recklessly!
You closely miss the iguana.
The iguana is heavily wounded.
The iguana closely misses you. The iguana bites you!
You hit the iguana.
The iguana is severely wounded.
The iguana bites you.
You hit the iguana but do no damage.
The iguana is severely wounded.
The iguana closely misses you.
You barely miss the iguana.
The iguana is severely wounded.
The iguana bites you!
* * * LOW HITPOINT WARNING * * *
You hit the iguana but do no damage.
The iguana is severely wounded.
The iguana closely misses you.
You hit the iguana but do no damage.
The iguana is severely wounded.
The iguana closely misses you. The iguana bites you.
You die...
Your body crumbles into a pile of gold.

#.#...##.#
.......
#...#######
+..........
###...#########
..#............ .
#.#.#<.........
...
#.#$###########
#...#.#l@........
#.......####.##.#
.........#
###......# $
..........
....#......
.?..........
....#.>.....§
######.......≈


You could see an iguana.

Vanquished Creatures
  Ijyb (D:1)
  2 adders (D:2)
  A dart slug (D:4)
  10 orcs
  5 ball pythons
  4 bats
  2 endoplasms (D:1)
  A giant cockroach (D:3)
  8 goblins
  6 jackals
  3 frilled lizards
  4 kobolds
47 creatures vanquished.

Notes
Turn   | Place    | Note
-------+----------+-------------------------------------------
     0 | D:1      | Kenran the Vampire Fighter began the quest for the Orb.
     0 | D:1      | Reached XP level 1. HP: 17/17 MP: 1/1
     1 | D:1      | Found a runed translucent door.
   102 | D:1      | Found a faded altar of an unknown god.
   384 | D:1      | Reached XP level 2. HP: 23/23 MP: 2/2
   785 | D:2      | Reached skill level 3 in Long Blades
   898 | D:2      | Gained mutation: You are afflicted with vampirism and can
                  | become a bat while bloodless. [Vampire growth]
   898 | D:2      | Reached XP level 3. HP: 28/28 MP: 3/3
  1323 | D:2      | Noticed Ijyb
  1346 | D:1      | Paralysed by Ijyb for 5 turns
  1353 | D:1      | Paralysed by Ijyb for 3 turns
  1359 | D:1      | Killed Ijyb
  1360 | D:1      | Reached skill level 4 in Long Blades
  1360 | D:1      | Reached XP level 4. HP: 16/34 MP: 4/4
  2026 | D:3      | Found an opulent altar of Gozag.
  2084 | D:3      | Became a worshipper of Gozag Ym Sagoz the Greedy
  2525 | D:4      | Slain by an iguana

Illustrated notes

Levels and vault maps discovered:
D:1:      dpeg_arrival_caged_fury, layout_basic,
          ebering_ecumenical_altar_abandoned
D:2:      kennysheep_the_goblin_king, layout_loops_ring
D:3:      layout_rooms, grunt_gozag_breadcrumbs
D:4:      layout_basic, mainiacjoe_overflow_chevrons, minmay_temple_entry_trees,
          uniq_robin

Skill      XL: |  1  2  3 |
---------------+----------+-----
Long Blades    | 3 4 |  4.9
Fighting       | |  2.6
Armour         | |  2.4
Shields        | |  2.6

Action                     |  1- 3 |  4- 6 || total
---------------------------+-------+-------++-------
  Melee: Long sword        |    76 |    66 ||   142
         Bite              |     9 |     4 ||    13
    Use: Potion            |     1 |       ||     1
   Stab: Distracted        |       |     2 ||     2
 Armour: Scale mail        |    42 |    14 ||    56
  Dodge: Dodged            |    37 |    24 ||    61
  Block: Buckler           |    23 |    12 ||    35

Table legend: (Time is in decaauts)
 A = Elapsed time spent in this place.
 B = Non-inter-level travel time spent in this place.
 C = Inter-level travel time spent in this place.
 D = Time resting spent in this place.
 E = Time spent auto-exploring this place.
 F = Levels seen in this place.
 G = Mean time per level.
                   A        B        C        D        E       F      G
               +--------+--------+--------+--------+--------+-----+--------+
         Total |   2560 |   2512 |     48 |    108 |   1903 |   4 |  640.0 |
       Dungeon |   2560 |   2512 |     48 |    108 |   1903 |   4 |  640.0 |
               +--------+--------+--------+--------+--------+-----+--------+

Top non-repeatable levels by time:
     D:2: 1171 daAuts
     D:1: 837 daAuts
     D:3: 462 daAuts
     D:4: 90 daAuts
